[Event "Titled Tuesday Blitz August 16 Early 2022"]
[White "Legenia, Artem"]
[Black "McBryde, Lamel"]
[WhiteFideId "14136945"]
[BlackFideId "2058596"]
[WhiteElo "1936"]
[BlackElo "2136"]
[Result "1-0"]
[Round "11"]
[TimeControl "180+2"]
[Date "2022.08.18"]
[WhiteClock "0:00:00"]
[BlackClock "0:00:00"]

1. d4 Nf6 2. Nf3 g6 3. Bf4 Bg7 4. e3 O-O 5. h3 d5 6. Bd3 Ne4 7. Nbd2 Nd6 8. c3 f6 9. O-O Nf7 10. Bh2 e5 11. e4 dxe4 12. Nxe4 f5 13. dxe5 fxe4 14. Bxe4 Qe7 15. Re1 Nc6 16. Qa4 Bd7 17. Qb3 Na5 18. Qb4 Qxb4 19. cxb4 Nc6 20. e6 Bxe6 21. Bxc6 bxc6 22. Rxe6 Rab8 23. Rxc6 Rxb4 24. Rxc7 Rxb2 25. Rxa7 Rc8 26. Re1 Bf6 27. Bg3 Rcc2 28. a4 Ra2 29. a5 Ra1 30. Rxa1 Bxa1 31. a6 Ra2 32. Bf4 h6 33. Be3 g5 34. Ra8+ Kg7 35. a7 Nd6 36. Rd8 1-0


[Site "https://www.chess.com"]

[Event "Titled Tuesday Blitz August 16 Early 2022"]
[White "Lehtosaari, Mauri"]
[Black "Kohler, Aran"]
[WhiteFideId "501999"]
[BlackFideId "1002856"]
[WhiteElo "2200"]
[BlackElo "2060"]
[Result "0-1"]
[Round "11"]
[TimeControl "180+2"]
[Date "2022.08.18"]
[WhiteClock "0:00:00"]
[BlackClock "0:00:00"]

1. d4 d5 2. Nf3 c6 3. Bg5 Bf5 4. c3 e6 5. Nbd2 Qb6 6. Qb3 f6 7. Bh4 g5 8. Bg3 Nd7 9. e3 h5 10. h4 g4 11. Ng1 Nh6 12. Bf4 Nf7 13. Ne2 e5 14. Bg3 Bd6 15. c4 Qxb3 16. axb3 a5 17. c5 Bb8 18. Nc3 exd4 19. exd4 Bxg3 20. fxg3 O-O 21. Kf2 Rfe8 22. Be2 b6 23. cxb6 Nxb6 24. Na4 Nxa4 25. Rxa4 Bd7 26. Rha1 Nd6 27. Rxa5 Rxa5 28. Rxa5 Ne4+ 29. Nxe4 Rxe4 30. Ra8+ Kf7 31. Bd3 Rxd4 32. Ke3 Rb4 33. Ra7 Ke6 34. Bc2 c5 35. Ra6+ Ke5 36. Ra7 d4+ 37. Kd2 Bc6 38. Rh7 Bxg2 39. Rxh5+ Ke6 40. Rxc5 Bd5 41. h5 Bxb3 42. Rc6+ Kf7 43. Bg6+ Kg7 44. Rc7+ Kh6 45. Rh7+ Kg5 46. Bd3 Be6 47. Re7 Bf5 48. Bxf5 Kxf5 49. Kc2 d3+ 50. Kc3 d2 51. Rd7 Rb8 52. Rd5+ Ke4 53. Rxd2 Kf3 54. Rd3+ Kf2 55. b4 Rh8 56. b5 Rxh5 57. Kc4 Rh8 58. b6 f5 59. Kc5 f4 60. gxf4 g3 61. Kc6 g2 62. Rd2+ Kf1 0-1


[Site "https://www.chess.com"]

[Event "Titled Tuesday Blitz August 16 Early 2022"]
[White "Maiorov, Nikita"]
[Black "Leschinsky, Gary"]
[WhiteFideId "13501720"]
[BlackFideId "30951321"]
[WhiteElo "2409"]
[BlackElo "1809"]
[Result "1-0"]
[Round "11"]
[TimeControl "180+1"]
[Date "2022.08.16"]
[WhiteClock "0:01:04"]
[BlackClock "0:00:11"]

1. d4 d5 2. c4 c6 3. Nc3 Nf6 4. e3 e6 5. Nf3 Nbd7 6. Qc2 Bd6 7. Be2 O-O 8. O-O dxc4 9. Bxc4 b5 10. Bd3 Bb7 11. a3 a5 12. e4 e5 13. dxe5 Nxe5 14. Nxe5 Bxe5 15. h3 Re8 16. Ne2 c5 17. Bxb5 Bxe4 18. Qa4 Re6 19. Nc3 Bxc3 20. bxc3 Nd5 21. Qc4 Qf6 22. f3 Nb6 23. fxe4 Nxc4 24. Rxf6 gxf6 25. Bxc4 Rb6 26. Be3 Rc8 27. a4 Rb2 28. Rf1 Kg7 29. Rd1 Rc7 30. Bf4 Re7 31. Bd5 Rc2 32. Rd3 c4 33. Rg3+ Kh8 34. Bh6 f5 35. Bg7+ Kg8 36. Bf6+ Kf8 37. Bxe7+ Kxe7 38. exf5 Kf6 39. Bxc4 Rc1+ 40. Kh2 Ra1 41. Bb5 Kxf5 42. Rf3+ Kg6 43. c4 Kg7 44. c5 Rc1 45. c6 Rc5 46. Rf4 h5 47. Rc4 Rxc4 48. Bxc4 1-0


[Site "https://www.chess.com"]

[Event "Titled Tuesday Blitz August 16 Early 2022"]
[White "Malyi, Viacheslav"]
[Black "Ardila, Oscar Humberto"]
[WhiteFideId "14123983"]
[BlackFideId "4404742"]
[WhiteElo "2190"]
[BlackElo "1939"]
[Result "1-0"]
[Round "11"]
[TimeControl "180+2"]
[Date "2022.08.18"]
[WhiteClock "0:00:00"]
[BlackClock "0:00:00"]

1. e4 e5 2. Nf3 Nf6 3. Nxe5 d6 4. Nf3 Nxe4 5. d4 Be7 6. Bd3 d5 7. O-O Nc6 8. c4 Nb4 9. cxd5 Qxd5 10. Bxe4 Qxe4 11. Re1 Qc2 12. Na3 Qxd1 13. Rxd1 Bg4 14. Bf4 Bxf3 15. gxf3 c6 16. Nc4 Bf6 17. Nd6+ Kd7 18. Nxf7 Rhf8 19. Ne5+ Kc8 20. Kg2 Bxe5 21. Bxe5 g6 22. Bd6 Nc2 23. Bxf8 Nxa1 24. Rxa1 Kd7 25. Bg7 Ke6 26. Be5 Kd5 27. f4 b6 28. Rc1 Re8 29. Kf3 h6 30. h4 Rf8 31. Ke3 g5 32. hxg5 hxg5 33. fxg5 Rf5 34. f4 Rf8 35. g6 Rf5 36. g7 1-0


[Site "https://www.chess.com"]

[Event "Titled Tuesday Blitz August 16 Early 2022"]
[White "Martic, Ivan"]
[Black "Piesik, Piotr"]
[WhiteFideId "929301"]
[BlackFideId "1136194"]
[WhiteElo "2355"]
[BlackElo "2221"]
[Result "1/2-1/2"]
[Round "11"]
[TimeControl "180+1"]
[Date "2022.08.16"]
[WhiteClock "0:00:03"]
[BlackClock "0:00:05"]

1. e4 g6 2. d4 Bg7 3. c4 d6 4. Nc3 Nd7 5. Nf3 e5 6. Bg5 Ngf6 7. Be2 h6 8. Bc1 O-O 9. O-O Re8 10. d5 Nc5 11. Nd2 a5 12. b3 h5 13. a3 Bh6 14. Rb1 b6 15. Qc2 Bd7 16. b4 axb4 17. axb4 Na4 18. Nb5 c6 19. Nxd6 Rf8 20. Ba3 Qc7 21. dxc6 Qxd6 22. Rfd1 Bxc6 23. Rb3 Qc7 24. b5 Bb7 25. Bxf8 Bxf8 26. Ra1 Nc5 27. Rxa8 Bxa8 28. Re3 Ne6 29. Nb3 Nd7 30. Kh1 Ndc5 31. Nd2 Nd4 32. Qd1 Nce6 33. Bxh5 gxh5 34. Qxh5 Bg7 35. Rg3 Kf8 36. h4 Qe7 37. Qh7 Qf6 38. Ra3 Bb7 39. Ra7 Nc5 40. Kg1 Qh6 41. Qxh6 Bxh6 42. Nf1 Bxe4 43. f3 Bd3 44. Ng3 Be3+ 45. Kh1 Bxc4 46. Nh5 Bxb5 47. Nf6 Bc4 48. h5 b5 49. Rc7 Nce6 50. Rb7 Nd8 51. Rb8 Ke7 52. Ne4 Bd3 53. Nc5 Bc4 54. Ne4 N4c6 55. Ra8 Ba7 56. h6 f5 57. h7 Nf7 58. Rg8 Ncd8 59. Rg7 Kf8 60. Rg8+ Ke7 61. Rg7 Ke8 62. Rg8+ Ke7 1/2-1/2


[Site "https://www.chess.com"]

[Event "Titled Tuesday Blitz August 16 Early 2022"]
[White "Martinez Alcantara, Jose Eduardo"]
[Black "Hansen, Eric"]
[WhiteFideId "3805662"]
[BlackFideId "2606771"]
[WhiteElo "2703"]
[BlackElo "2568"]
[Result "0-1"]
[Round "11"]
[TimeControl "180+1"]
[Date "2022.08.16"]
[WhiteClock "0:00:01"]
[BlackClock "0:00:03"]

1. e4 e5 2. Nf3 Nc6 3. Bb5 a6 4. Ba4 Nf6 5. d3 d6 6. c3 Be7 7. O-O O-O 8. h3 Re8 9. Re1 Bf8 10. Nbd2 h6 11. Nf1 b5 12. Bb3 Be6 13. Bxe6 Rxe6 14. Ng3 d5 15. Qe2 Qd7 16. Be3 Rae8 17. Rad1 d4 18. Bd2 Bc5 19. Nf5 Ne7 20. g4 Ng6 21. g5 Nh5 22. Kh2 Ngf4 23. Bxf4 Nxf4 24. Qd2 hxg5 25. Nxg5 Rf6 26. Rg1 g6 27. Nh6+ Kg7 28. Ng4 Rc6 29. Rg3 f6 30. Nf3 Rd6 31. cxd4 Bxd4 32. Rdg1 Rh8 33. b4 Rh5 34. Qc2 c6 35. Rh1 Bb6 36. d4 Bxd4 37. a4 Qe6 38. axb5 axb5 39. Qd1 Bxf2 40. Qc2 Bxg3+ 41. Kxg3 Rd3 42. Qf2 Qb3 43. Qa7+ Qf7 44. Qb8 Qd7 45. Qa8 g5 46. Nf2 Rd2 47. Nxd2 Qxd2 48. Qb7+ Kg6 49. Qb6 Qc3+ 50. Kh2 Rxh3+ 51. Kg1 Qe1# 0-1


[Site "https://www.chess.com"]

[Event "Titled Tuesday Blitz August 16 Early 2022"]
[White "Mikhalsky, Vladimir"]
[Black "Acosta Cruz, Oscar Yosimar"]
[WhiteFideId "14144352"]
[BlackFideId "5111269"]
[WhiteElo "2301"]
[BlackElo "2147"]
[Result "1-0"]
[Round "11"]
[TimeControl "180+2"]
[Date "2022.08.18"]
[WhiteClock "0:00:00"]
[BlackClock "0:00:00"]

1. d4 Nf6 2. c4 e6 3. g3 d5 4. Nf3 Be7 5. Bg2 O-O 6. O-O dxc4 7. Qa4 a6 8. Qxc4 b5 9. Qc2 Bb7 10. a4 Be4 11. Qb3 Bd5 12. Qc3 Ne4 13. Qc2 Nc6 14. Nc3 Nb4 15. Qb1 f5 16. axb5 axb5 17. Rxa8 Bxa8 18. Nxb5 c5 19. Bf4 Nd5 20. Be5 Qa5 21. Na3 cxd4 22. Nxd4 Nd2 23. Qe1 Bb4 24. Qc1 Nxf1 25. Kxf1 Qa6 26. Nc4 Rc8 27. b3 Bf8 28. Bf3 Nb6 29. Bxa8 Qxa8 30. f3 Nxc4 31. bxc4 Qa6 32. Qg5 Rxc4 33. Qd8 Rc8 34. Qd7 Qc4 35. Nxe6 Bb4 36. Nxg7 Ra8 37. Nxf5 Qc1+ 38. Kg2 1-0


[Site "https://www.chess.com"]

[Event "Titled Tuesday Blitz August 16 Early 2022"]
[White "Mirimanian, Hayk"]
[Black "Costachi, Mihnea"]
[WhiteFideId "4700180"]
[BlackFideId "1217518"]
[WhiteElo "2280"]
[BlackElo "2437"]
[Result "1-0"]
[Round "11"]
[TimeControl "180+1"]
[Date "2022.08.16"]
[WhiteClock "0:01:01"]
[BlackClock "0:02:10"]

1. d4 f5 2. Nf3 Nf6 3. g3 g6 4. Bg2 Bg7 5. b3 O-O 6. Bb2 d6 7. O-O Qe8 8. c4 e6 9. Nbd2 Nc6 10. Re1 e5 11. dxe5 Nxe5 12. Qc2 Nxf3+ 13. Nxf3 h6 14. Nd4 Qf7 15. e3 Rb8 16. Rad1 Bd7 17. a3 Ng4 18. Bd5 Rbe8 19. Bxf7+ Rxf7 20. Nb5 Bxb2 21. Qxb2 Bc6 22. Nd4 Bd7 23. f3 Ne5 24. Kf2 g5 25. h3 Rfe7 26. Qc2 Rf7 27. b4 g4 28. hxg4 fxg4 29. f4 c5 30. Nb5 Bxb5 31. cxb5 c4 32. Rxd6 Nd3+ 33. Rxd3 cxd3 34. Qxd3 Rd8 35. Qxd8+ 1-0


[Site "https://www.chess.com"]

[Event "Titled Tuesday Blitz August 16 Early 2022"]
[White "Miszler, Levente"]
[Black "Novikova, Galina"]
[WhiteFideId "763276"]
[BlackFideId "4157095"]
[WhiteElo "1966"]
[BlackElo "1923"]
[Result "1-0"]
[Round "11"]
[TimeControl "180+2"]
[Date "2022.08.18"]
[WhiteClock "0:00:00"]
[BlackClock "0:00:00"]

1. Nf3 e6 2. e4 d5 3. exd5 exd5 4. d4 Nc6 5. c3 Bg4 6. Be2 Qd7 7. h3 Bf5 8. O-O f6 9. b4 g5 10. Nh2 O-O-O 11. b5 Na5 12. a4 Kb8 13. Ba3 Nh6 14. Ng4 Nxg4 15. Bxg4 Bxg4 16. Qxg4 f5 17. Qxg5 Bxa3 18. Nxa3 Rhg8 19. Qf4 Rg6 20. Rfe1 Rdg8 21. g3 h5 22. Qh4 Qd6 23. Re5 b6 24. Rae1 Qxa3 25. Re8+ Kb7 26. Qd8 Rxe8 27. Rxe8 Qc1+ 28. Kh2 Qxc3 29. Qa8# 1-0


[Site "https://www.chess.com"]

[Event "Titled Tuesday Blitz August 16 Early 2022"]
[White "Mouhamad, Joachim"]
[Black "Barria Zuniga, Daniel"]
[WhiteFideId "656410"]
[BlackFideId "3400816"]
[WhiteElo "2147"]
[BlackElo "2414"]
[Result "0-1"]
[Round "11"]
[TimeControl "180+2"]
[Date "2022.08.18"]
[WhiteClock "0:00:00"]
[BlackClock "0:00:00"]

1. e4 g6 2. d4 Bg7 3. Nc3 c5 4. dxc5 Bxc3+ 5. bxc3 Nf6 6. Bd3 Qa5 7. Ne2 Qxc5 8. Be3 Qc7 9. h3 O-O 10. O-O d6 11. f4 Nbd7 12. Nd4 b6 13. f5 Bb7 14. fxg6 hxg6 15. Qf3 Kg7 16. Rae1 Rh8 17. Bd2 Rh5 18. g4 Ne5 19. Qg2 Rh7 20. g5 Nfd7 21. Re3 Rah8 22. Rg3 Rh4 23. Nf3 Nxf3+ 24. Qxf3 Ne5 25. Qg2 Qc8 26. Kh2 Ng4+ 27. Kh1 Ne5 28. Kh2 Bc6 29. Rf4 Bd7 30. Rxh4 Rxh4 31. Bf1 Qc6 32. Qe2 Qa4 33. Bg2 Qxc2 34. Qe3 Qxa2 35. Be1 Qc4 36. Kg1 Bc6 37. Qd4 Qc5 38. Bf2 Rh8 39. Qd2 Qc4 40. Bd4 a5 41. Bf1 Qe6 42. Qf2 Rh4 43. Rg2 Rxe4 44. Rg3 Rh4 45. Bg2 Rh5 46. Bxc6 Rxh3 47. Bg2 Rxg3 48. Qxg3 a4 49. Bxe5+ Qxe5 50. Qxe5+ dxe5 51. Bd5 f6 52. gxf6+ exf6 53. Kf2 f5 54. Ke3 Kf6 55. Bc6 a3 56. Bd5 g5 57. Ba2 g4 58. c4 Kg5 59. Bb1 f4+ 60. Ke4 Kh4 61. Kd5 f3 62. Kc6 f2 63. Bd3 a2 64. Kxb6 a1=Q 65. c5 Qd4 0-1


[Site "https://www.chess.com"]

[Event "Titled Tuesday Blitz August 16 Early 2022"]
[White "Namitbir Singh Walia"]
[Black "Krsnik Cohar, Ivan Vihor"]
[WhiteFideId "35071068"]
[BlackFideId "14520044"]
[WhiteElo "1664"]
[BlackElo "2414"]
[Result "1-0"]
[Round "11"]
[TimeControl "180+1"]
[Date "2022.08.16"]
[WhiteClock "0:02:30"]
[BlackClock "0:02:49"]

1. e4 c5 2. d4 g6 3. dxc5 Qa5+ 4. c3 Qxc5 5. Be3 Qc7 6. Bd4 Nf6 7. Bxf6 exf6 8. c4 Bb4+ 9. Nd2 Qe5 10. Nf3 Nc6 11. Nxe5 1-0


[Site "https://www.chess.com"]

[Event "Titled Tuesday Blitz August 16 Early 2022"]
[White "Navarrete Mendez, Gonzalo Alberto"]
[Black "Mendez Fortes, Eduardo Jesus"]
[WhiteFideId "5106850"]
[BlackFideId "3502376"]
[WhiteElo "2261"]
[BlackElo "2307"]
[Result "1-0"]
[Round "11"]
[TimeControl "180+2"]
[Date "2022.08.18"]
[WhiteClock "0:00:00"]
[BlackClock "0:00:00"]

1. e4 e5 2. Nf3 Nc6 3. Bb5 Nf6 4. Nc3 Bb4 5. O-O O-O 6. d4 Nxd4 7. Nxd4 exd4 8. Qxd4 Bxc3 9. bxc3 d6 10. Bg5 Qe7 11. Rae1 a6 12. Bd3 Re8 13. e5 dxe5 14. Qh4 h6 15. Bxh6 gxh6 16. Qxh6 Qd6 17. Re3 Ng4 18. Qg5+ 1-0


[Site "https://www.chess.com"]

[Event "Titled Tuesday Blitz August 16 Early 2022"]
[White "Nugumanov, Bakhtiyar"]
[Black "Melikhov, Evgeny V."]
[WhiteFideId "13701797"]
[BlackFideId "4122046"]
[WhiteElo "2287"]
[BlackElo "1963"]
[Result "0-1"]
[Round "11"]
[TimeControl "180+2"]
[Date "2022.08.18"]
[WhiteClock "0:00:00"]
[BlackClock "0:00:00"]

1. Nf3 f5 2. d4 Nf6 3. g3 g6 4. Bg2 Bg7 5. c4 O-O 6. O-O d6 7. Nc3 Qe8 8. b3 h6 9. Bb2 g5 10. Rc1 Na6 11. e3 c6 12. d5 Bd7 13. Nd4 Nc5 14. b4 Nce4 15. Nxe4 Nxe4 16. f3 Nf6 17. e4 fxe4 18. fxe4 Ng4 19. Qd3 Ne5 20. Qc2 Qg6 21. Nf5 Rf7 22. Nxg7 Qxg7 23. Rxf7 Qxf7 24. Rf1 Qg6 25. c5 Rf8 26. cxd6 exd6 27. Rxf8+ Kxf8 28. Bxe5 dxe5 29. Qf2+ Ke7 30. Qxa7 cxd5 31. Qc5+ Qd6 32. exd5 b6 33. Qf2 Qxb4 34. h3 Qd4 35. a3 Kd6 36. Kf1 Bb5+ 37. Kg1 Bc4 38. Qxd4 exd4 39. Kf2 Bxd5 40. Bf1 Kc5 41. h4 Bc4 42. Bg2 Bd3 43. hxg5 hxg5 44. Ke1 Kc4 45. Kd2 Bf5 46. Bf1+ Kc5 47. Bg2 Kc4 48. Bf1+ Kb3 49. Bd3 Bxd3 50. Kxd3 Kxa3 51. Kxd4 b5 52. Ke5 b4 53. Kf5 b3 54. Kxg5 b2 55. Kh6 b1=Q 56. g4 Qb8 57. g5 Qg8 58. g6 Kb4 0-1


[Site "https://www.chess.com"]

[Event "Titled Tuesday Blitz August 16 Early 2022"]
[White "O`Gorman, Tom"]
[Black "Bintang, Rasyid A. Hidayat"]
[WhiteFideId "2508249"]
[BlackFideId "7105355"]
[WhiteElo "2270"]
[BlackElo "1820"]
[Result "0-1"]
[Round "11"]
[TimeControl "180+2"]
[Date "2022.08.18"]
[WhiteClock "0:00:00"]
[BlackClock "0:00:00"]

1. Nf3 a6 2. g3 h6 3. Bg2 g6 4. O-O Bg7 5. d4 Nf6 6. c4 d6 7. Nc3 O-O 8. b3 Bd7 9. Bb2 Bc6 10. d5 Bd7 11. e4 Nh7 12. h3 Ng5 13. Nxg5 hxg5 14. Qd2 e5 15. dxe6 Bxe6 16. Nd5 Bxd5 17. Bxg7 Kxg7 18. Qxd5 Nc6 19. Rad1 Qf6 20. Rfe1 Qe5 21. Qxe5+ dxe5 22. Rd7 Rac8 23. Red1 Nd4 24. Rd5 Ne2+ 25. Kf1 Nc3 26. Bf3 Nxd1 27. Bxd1 Rfd8 28. Ke2 Rxd5 29. exd5 f6 30. Kf1 Kf7 31. Bg4 f5 32. Bf3 e4 33. Bg2 Kf6 34. Ke2 Ke5 35. Ke3 f4+ 36. Kd2 Kd4 37. Bf1 e3+ 38. fxe3+ fxe3+ 39. Kc2 Rf8 0-1


[Site "https://www.chess.com"]

[Event "Titled Tuesday Blitz August 16 Early 2022"]
[White "Omariev, Maksim"]
[Black "Martin, Lewis"]
[WhiteFideId "4193423"]
[BlackFideId "410551"]
[WhiteElo "2304"]
[BlackElo "2145"]
[Result "1-0"]
[Round "11"]
[TimeControl "180+2"]
[Date "2022.08.18"]
[WhiteClock "0:00:00"]
[BlackClock "0:00:00"]

1. e4 c5 2. Nf3 d6 3. d4 cxd4 4. Nxd4 Nf6 5. Nc3 a6 6. h3 e5 7. Nde2 b5 8. g4 Bb7 9. Bg2 Nbd7 10. g5 Nh5 11. Be3 g6 12. Qd2 Be7 13. O-O-O Rc8 14. Kb1 O-O 15. h4 f5 16. gxf6 Nhxf6 17. Ng3 Nb6 18. Bh6 Nc4 19. Qe2 Rf7 20. h5 Qa5 21. Nd5 Bxd5 22. exd5 Qb4 23. c3 Qc5 24. hxg6 hxg6 25. Bh3 Nxd5 26. Rxd5 Qxd5 27. Bxc8 Rh7 28. Rd1 Qf7 29. Bc1 Rh2 30. Rf1 Bh4 31. Qg4 Kg7 32. Nf5+ Kf8 33. Nxh4 1-0


[Site "https://www.chess.com"]

[Event "Titled Tuesday Blitz August 16 Early 2022"]
[White "Omelja, Artem"]
[Black "Taspinar, Yanki"]
[WhiteFideId "14119846"]
[BlackFideId "34561188"]
[WhiteElo "2382"]
[BlackElo "1549"]
[Result "1-0"]
[Round "11"]
[TimeControl "180+1"]
[Date "2022.08.16"]
[WhiteClock "0:00:36"]
[BlackClock "0:00:14"]

1. d4 Nf6 2. c4 e6 3. Nf3 d5 4. Nc3 Bb4 5. cxd5 exd5 6. Qa4+ Nc6 7. Bg5 O-O 8. e3 h6 9. Bh4 g5 10. Bg3 a6 11. Bd3 Be6 12. h4 Nh5 13. hxg5 Nxg3 14. fxg3 hxg5 15. O-O-O f5 16. Rh5 g4 17. Nh4 Qe8 18. Rg5+ Kf7 19. Nxf5 Bxf5 20. Rxf5+ Ke6 21. Rdf1 Bxc3 22. Rxf8 Qe7 23. Rxa8 Kd6 24. bxc3 Qxe3+ 25. Kc2 Qxg3 26. Qa3+ Ke6 27. Re8+ Kd7 28. Rf7+ Kxe8 29. Qf8# 1-0


[Site "https://www.chess.com"]

[Event "Titled Tuesday Blitz August 16 Early 2022"]
[White "Padmini, Rout"]
[Black "Rostomyan, Mikayel"]
[WhiteFideId "5029295"]
[BlackFideId "13313754"]
[WhiteElo "2181"]
[BlackElo "1426"]
[Result "1-0"]
[Round "11"]
[TimeControl "180+2"]
[Date "2022.08.18"]
[WhiteClock "0:00:00"]
[BlackClock "0:00:00"]

1. e4 c6 2. d4 d5 3. e5 g6 4. h4 h5 5. Nf3 Bg7 6. Be2 Nh6 7. Ng5 Bg4 8. Bxg4 Nxg4 9. e6 f6 10. Nf7 Qc8 11. Nxh8 Qxe6+ 12. Qe2 Qf5 13. O-O Nd7 14. Re1 e5 15. c4 O-O-O 16. Nf7 Nf8 17. Nxd8 Kxd8 18. cxd5 cxd5 19. Nc3 e4 20. f3 1-0


[Site "https://www.chess.com"]

[Event "Titled Tuesday Blitz August 16 Early 2022"]
[White "Pakleza, Zbigniew"]
[Black "Rostovtsev, Dmitry"]
[WhiteFideId "1119290"]
[BlackFideId "34278320"]
[WhiteElo "2411"]
[BlackElo "2295"]
[Result "0-1"]
[Round "11"]
[TimeControl "180+1"]
[Date "2022.08.16"]
[WhiteClock "0:00:03"]
[BlackClock "0:00:03"]

1. d4 Nf6 2. Nf3 g6 3. Bf4 Bg7 4. e3 O-O 5. Be2 d6 6. h3 c5 7. c3 b6 8. Nbd2 Bb7 9. O-O Nbd7 10. a4 a6 11. Bg3 Ra7 12. Re1 Qa8 13. Bd3 Ne4 14. Nxe4 Bxe4 15. Bh4 Nf6 16. Qe2 Rb8 17. Rec1 Bxd3 18. Qxd3 b5 19. dxc5 dxc5 20. axb5 axb5 21. Rxa7 Qxa7 22. Bg3 Rb7 23. Qd8+ Bf8 24. Qc8 Rd7 25. c4 b4 26. Ne5 Rd6 27. Nc6 Qd7 28. Qxd7 Rxd7 29. Ra1 Ne4 30. Bf4 f6 31. f3 Nd2 32. Rc1 e5 33. Bg3 Nb3 34. Rb1 Rc7 35. Nd8 Be7 36. Rd1 Rc8 37. Ne6 Kf7 38. f4 Kxe6 39. fxe5 fxe5 40. Rd3 Na5 41. b3 Nc6 0-1


[Site "https://www.chess.com"]

[Event "Titled Tuesday Blitz August 16 Early 2022"]
[White "Pastar, Slaven"]
[Black "Turzo, Attila"]
[WhiteFideId "14402718"]
[BlackFideId "704954"]
[WhiteElo "2248"]
[BlackElo "2298"]
[Result "0-1"]
[Round "11"]
[TimeControl "180+2"]
[Date "2022.08.18"]
[WhiteClock "0:00:00"]
[BlackClock "0:00:00"]

1. b3 Nf6 2. Bb2 Nc6 3. Nf3 d5 4. e3 Bg4 5. Be2 Qd7 6. h3 Bxf3 7. Bxf3 e5 8. g3 O-O-O 9. Bg2 Kb8 10. d3 d4 11. exd4 exd4 12. O-O Nd5 13. Nd2 Bb4 14. Nc4 Bc3 15. Bxc3 Nxc3 16. Qg4 Qxg4 17. hxg4 Rhe8 18. Bf3 Ne5 19. Nxe5 Rxe5 20. Rfe1 Rde8 21. Rxe5 Rxe5 22. a4 a5 23. Kg2 h6 24. Kf1 c6 25. Re1 Rxe1+ 26. Kxe1 Kc7 27. Kd2 b5 28. axb5 cxb5 29. Kc1 Kd6 30. Kb2 g5 31. Kc1 Kc5 32. Kb2 f6 33. Kc1 Kb4 34. Bc6 a4 35. bxa4 bxa4 36. Bd7 a3 37. Be6 a2 38. Kb2 Nd1+ 39. Kxa2 Kc3 40. Ka3 Nxf2 0-1


[Site "https://www.chess.com"]

[Event "Titled Tuesday Blitz August 16 Early 2022"]
[White "Petrovic, Aleksa"]
[Black "Sanchez, Robert"]
[WhiteFideId "967629"]
[BlackFideId "2034360"]
[WhiteElo "2262"]
[BlackElo "1966"]
[Result "1-0"]
[Round "11"]
[TimeControl "180+2"]
[Date "2022.08.18"]
[WhiteClock "0:00:00"]
[BlackClock "0:00:00"]

1. e4 e5 2. Nf3 Nc6 3. Bb5 Nf6 4. O-O d6 5. d4 exd4 6. Nxd4 Bd7 7. Nc3 Be7 8. Re1 O-O 9. Bxc6 bxc6 10. b3 c5 11. Nf3 Bg4 12. h3 Bh5 13. Qd3 Nd7 14. Nd5 Bf6 15. c3 h6 16. Bf4 c4 17. Qxc4 Bxf3 18. gxf3 Rc8 19. Rad1 Be5 20. Bg3 Bxg3 21. fxg3 Ne5 22. Qe2 Re8 23. f4 Ng6 24. Qg4 c6 25. Nb4 Qb6+ 26. Kg2 a5 27. Nc2 Qc5 28. c4 Rc7 29. h4 h5 30. Qg5 Qxg5 31. hxg5 Rce7 32. Kf3 Rd8 33. e5 Red7 34. exd6 Rxd6 35. Re8+ Rxe8 36. Rxd6 c5 37. Rd5 Rc8 38. Ne3 Ne7 39. Rd7 Nc6 40. Nd5 Nd4+ 41. Ke4 Re8+ 42. Re7 Rd8 43. f5 Ne2 44. Kf3 Nd4+ 45. Kf4 Nc2 46. f6 g6 47. Rc7 Nb4 48. Ne7+ Kf8 49. Kf3 Nxa2 50. Rxc5 Nc1 51. Rb5 Ra8 52. Ke4 Ne2 53. Kd3 Nxg3 54. c5 1-0


[Site "https://www.chess.com"]

[Event "Titled Tuesday Blitz August 16 Early 2022"]
[White "Proudian, Armen"]
[Black "Shukhman, Anna"]
[WhiteFideId "2130734"]
[BlackFideId "54180058"]
[WhiteElo "2380"]
[BlackElo "1726"]
[Result "1/2-1/2"]
[Round "11"]
[TimeControl "180+2"]
[Date "2022.08.18"]
[WhiteClock "0:00:00"]
[BlackClock "0:00:00"]

1. e4 c5 2. Nf3 e6 3. d4 cxd4 4. Nxd4 a6 5. Bd3 Bc5 6. Nb3 Ba7 7. O-O Nf6 8. e5 Nd5 9. c4 Ne7 10. Nc3 Nbc6 11. Re1 d6 12. exd6 Qxd6 13. Bg5 h6 14. Bh4 e5 15. Qf3 Nd4 16. Nxd4 Bxd4 17. Ne4 Qc6 18. Bxe7 Kxe7 19. Qg3 g5 20. Nc3 Be6 21. Be4 Qxc4 22. Bxb7 Rab8 23. Bf3 Rxb2 24. Ne2 Rd8 25. Nxd4 exd4 26. h4 d3 27. hxg5 d2 28. Red1 Rxa2 29. Rxa2 Qxa2 30. gxh6 Qb2 31. h7 Qf6 32. Be4 a5 33. Qc7+ Rd7 34. Qxa5 Kf8 35. Rxd2 Rxd2 36. Qxd2 Qa1+ 37. Kh2 Qe5+ 38. g3 Kg7 39. Bc2 Bd5 40. h8=Q+ Kxh8 41. Qh6+ Kg8 42. Bh7+ Kh8 43. Bf5+ Kg8 44. Qg5+ Kf8 45. Qh6+ Kg8 46. Qh7+ Kf8 47. Kh3 Qe1 48. Qh6+ Ke7 49. Qe3+ Qxe3 50. fxe3 Kf6 51. Kg4 Ke5 52. Kg5 Bb3 53. Bb1 f6+ 54. Kg6 Bc4 55. Bc2 Bd5 56. Bd3 Ba2 57. Kh5 Bb3 58. Kg4 Ba2 59. Kf3 Bb3 60. Ke2 Bd5 61. Kd2 Bf7 62. Be2 Be6 63. Bf3 Bf7 64. Kc3 Be6 65. Kb4 Bf7 66. Kc5 Be6 67. Kc6 Bb3 68. Kc5 Ba2 69. Bg2 Bg8 70. Kb4 Bf7 71. Kc5 Be6 72. Kc6 Bg8 73. Kd7 Ba2 74. Ke7 Bb3 75. Kf8 Ba2 76. Kg7 Bb3 77. Bf3 Ba2 78. Bh5 Bb3 79. Bf7 Bd1 80. Bc4 Bf3 81. Bd3 Bd5 82. Bh7 Bb3 83. Bg8 Bd1 84. Kf8 Bf3 85. Ke7 Bd1 86. Be6 Be2 87. Bb3 Bf3 88. Bc2 Be2 89. Bb1 Bd1 90. Bd3 Bf3 91. Kf7 Bd1 92. Kg6 Bf3 93. e4 Bd1 94. Bb1 Bf3 95. Bc2 Bxe4+ 96. Bxe4 Kxe4 97. Kxf6 Kf3 98. g4 Kxg4 1/2-1/2


[Site "https://www.chess.com"]

[Event "Titled Tuesday Blitz August 16 Early 2022"]
[White "Przybylski, Wojciech"]
[Black "Sourath Biswas"]
[WhiteFideId "1117599"]
[BlackFideId "35091484"]
[WhiteElo "2133"]
[BlackElo "1777"]
[Result "0-1"]
[Round "11"]
[TimeControl "180+1"]
[Date "2022.08.16"]
[WhiteClock "0:00:03"]
[BlackClock "0:00:47"]

1. e4 c6 2. d4 d5 3. e5 Bf5 4. Nf3 e6 5. Be2 c5 6. c3 Nc6 7. O-O h6 8. Re1 Qb6 9. Na3 cxd4 10. Nxd4 Nxd4 11. cxd4 Ne7 12. Nb5 Nc6 13. Be3 a6 14. Nd6+ Bxd6 15. exd6 O-O 16. g4 Bh7 17. g5 hxg5 18. Bxg5 Nxd4 19. Be7 Rfe8 20. Bg4 Nc2 21. Rc1 Nxe1 22. d7 Nd3 23. Rc3 Nxf2 24. Qb3 Qxb3 25. axb3 Nxg4 26. dxe8=R+ Rxe8 27. Bd6 Nf6 28. Rc7 b5 29. Bb4 d4 30. Rc6 Nd5 31. Bd2 a5 32. Bxa5 b4 33. Rd6 d3 34. Kf2 g5 35. Ke1 Ra8 36. Bd8 f6 37. Kd2 Kf7 38. h3 Bf5 39. Kd1 Ra2 40. h4 gxh4 41. Rd7+ Kg6 42. Rd6 Rxb2 43. Bc7 Nc3+ 44. Kc1 Rc2# 0-1


[Site "https://www.chess.com"]

[Event "Titled Tuesday Blitz August 16 Early 2022"]
[White "Quirke, Jeffrey"]
[Black "Matveeva, Olga"]
[WhiteFideId "2013029"]
[BlackFideId "24107018"]
[WhiteElo "2048"]
[BlackElo "2052"]
[Result "0-1"]
[Round "11"]
[TimeControl "180+2"]
[Date "2022.08.18"]
[WhiteClock "0:00:00"]
[BlackClock "0:00:00"]

1. d4 Nf6 2. c4 e6 3. Nc3 Bb4 4. e3 O-O 5. a3 Bxc3+ 6. bxc3 c5 7. Bd3 d6 8. Nf3 Qe7 9. e4 e5 10. O-O h6 11. h3 Nc6 12. d5 Na5 13. Be3 b6 14. Nd2 Ba6 15. f4 exf4 16. Bxf4 Nd7 17. Qh5 Rae8 18. e5 Nxe5 19. Rae1 Bc8 20. Bxe5 dxe5 21. g4 Qg5 22. Ne4 Qxh5 23. gxh5 Bxh3 24. Rf3 Bg4 25. Rg3 f5 26. Nd6 Re7 27. Rf1 e4 28. Bxe4 fxe4 29. Rxg4 e3 30. Rxf8+ Kxf8 31. Kf1 Nb3 32. Ke2 Nc1+ 33. Kd1 e2+ 0-1


[Site "https://www.chess.com"]